 Dungeon Crawl Stone Soup version 0.20.1-1-g8b1a95d (webtiles) character file.

16522 Irenicus the Severer (level 12, 0/97 HPs)
             Began as a Deep Dwarf Necromancer on Nov 1, 2017.
             Was a Priest of Makhleb.
             Slain by a death yak (18 damage)
             ... on level 8 of the Dungeon.
             The game lasted 00:46:27 (6704 turns).

Irenicus the Severer (Deep Dwarf Necromancer)       Turns: 6704, Time: 00:46:28

Health: 0/97       AC:  9    Str: 11    XL:     12   Next: 10%
Magic:  1/17       EV: 15    Int: 18    God:    Makhleb [***...]
Gold:   524        SH:  0    Dex: 20    Spells: 10/15 levels left

rFire    . . .     SeeInvis .   o - +1 war axe (chop)
rCold    . . .     Gourm    +   (no shield)
rNeg     . . .     Faith    .   B - +2 ring mail {rPois}
rPois    +         Spirit   .   x - +0 helmet
rElec    .         Reflect  .   (no cloak)
rCorr    .         Harm     .   (no gloves)
MR       +....                  (no boots)
Stlth    +++.......             r - amulet of the gourmand
Regen    0.0/turn               l - ring of stealth
MPRegen  0.2/turn               I - +3 ring of dexterity

@: very slightly contaminated, non-regenerating, drained
A: damage resistance, heal wounds, sense surroundings 2, no regeneration
a: Heal Wounds, Minor Destruction, Lesser Servant of Makhleb, Renounce Religion


You were on level 8 of the Dungeon.
You worshipped Makhleb.
Makhleb was most pleased with you.
You were full.

You visited 2 branches of the dungeon, and saw 9 of its levels.
You also visited: Bailey.

You collected 524 gold pieces.

Inventory:

Hand Weapons
 e - a +3 hand axe
 o - a +1 war axe of chopping (weapon)
 v - a +1 vampiric falchion
 A - a +3 hand axe
 S - a +4 hand axe
 U - a +3 hand axe
Armour
 a - the +8 chain mail "Nuttet" {rC+}
   (You found it on level 6 of the Dungeon)

   It protects you from cold.
 w - the +0 robe "Wameg" {rF- MR+ Dex+4 SInv}
   (You took it off an orc in a bailey)

   It affects your dexterity (+4).
   It makes you vulnerable to fire.
   It affects your resistance to hostile enchantments.
   It lets you see invisible.
 x - a +0 helmet (worn)
 B - a +2 ring mail of poison resistance (worn)
 F - the +2 leather armour of Inaction {-Tele Dex+2 SInv}
   (You found it on level 6 of the Dungeon)

   It affects your dexterity (+2).
   It lets you see invisible.
   It prevents most forms of teleportation.
Magical Staves
 H - an uncursed staff of air
Jewellery
 l - a ring of stealth (left hand)
 r - an amulet of the gourmand (around neck)
 I - a +3 ring of dexterity (right hand)
Wands
 m - a wand of paralysis (3/24)
 y - a wand of random effects (20/48)
 K - a wand of digging (10/24)
 L - a wand of polymorph (12/24)
 O - a wand of confusion (0/48)
Scrolls
 d - 2 scrolls of enchant weapon
 f - a scroll of identify
 g - 2 scrolls of blinking
 j - a scroll of enchant armour {unknown}
 k - 2 scrolls of remove curse
 n - 3 scrolls of magic mapping
 q - a scroll of fear {unknown}
 t - 2 scrolls of random uselessness {unknown}
 u - 2 scrolls of amnesia {unknown}
 D - 2 scrolls of teleportation {unknown}
 E - 2 scrolls of fog {unknown}
 G - a scroll of recharging {unknown}
 J - a scroll of immolation {unknown}
 R - a scroll of noise
Potions
 h - 3 potions of curing
 i - a potion of experience
 N - 2 potions of brilliance
 Q - a potion of haste
 T - a potion of resistance
 V - a potion of ambrosia
Books
 b - a book of Necromancy

   Spells                             Type                      Level
   a - Pain                           Necromancy                   1
   b - Animate Skeleton               Necromancy                   1
   c - Vampiric Draining              Necromancy                   3
   d - Regeneration                   Charms/Necromancy            3
   e - Animate Dead                   Necromancy                   4
   f - Control Undead                 Necromancy                   4
 z - a book of Maledictions

   Spells                             Type                      Level
   a - Corona                         Hexes                        1
   b - Ensorcelled Hibernation        Hexes/Ice                    2
   c - Confuse                        Hexes                        3
   d - Tukima's Dance                 Hexes                        3
   e - Dazzling Spray                 Conjuration/Hexes            3
 C - a book of Cantrips

   Spells                             Type                      Level
   a - Confusing Touch                Hexes                        1
   b - Animate Skeleton               Necromancy                   1
   c - Summon Small Mammal            Summoning                    1
   d - Apportation                    Translocation                1
 M - a book of Minor Magic

   Spells                             Type                      Level
   a - Magic Dart                     Conjuration                  1
   b - Blink                          Translocation                2
   c - Call Imp                       Summoning                    2
   d - Slow                           Hexes                        2
   e - Conjure Flame                  Conjuration/Fire             3
   f - Mephitic Cloud                 Conjuration/Poison/Air       3
Comestibles
 c - 6 bread rations
 p - a fruit
 s - 2 meat rations
 P - 4 royal jellies
 W - a chunk of flesh


   Skills:
 - Level 3.1(2.5) Fighting
 + Level 15.3(14.6) Axes
 - Level 5.0(4.4) Armour
 - Level 8.2(7.5) Dodging
 - Level 2.4(1.8) Stealth
 - Level 2.0(1.4) Spellcasting
 - Level 6.0(5.4) Necromancy
 - Level 9.2(8.6) Evocations


You had 10 spell levels left.
You knew the following spells:

 Your Spells              Type           Power        Failure   Level  Hunger
a - Pain                  Necr           ###.         4%          1    ##.....
c - Animate Skeleton      Necr           N/A          4%          1    ##.....
e - Vampiric Draining     Necr           ###.......   13%         3    ####...


Dungeon Overview and Level Annotations

Branches:
Dungeon (8/15)             Temple (1/1) D:6            Lair (0/6) D:8

Altars:
Ashenzari
Cheibriados
Elyvilon
Fedhas
Gozag
Hepliaklqana
Kikubaaqudgha
Makhleb
Qazlal
Sif Muna
Uskayaw
Vehumet
Zin
The Shining One

Annotations:
D:4 exclusion: ogre, Menkaure
D:5 Irenicus's ghost, novice DDNe


Innate Abilities, Weirdness & Mutations

You are resistant to damage.
You can heal yourself by infusing magical energy.
You passively map the area around you.
You do not regenerate.


Message History

The death yak is moderately wounded.
You feel life coursing into your body. The death yak gores you!
* * * LOW HITPOINT WARNING * * *
Casting: Vampiric Draining
Confirm with . or Enter, or press ? or * to list all spells.
Aiming: Vampiric Draining
Press: ? - help, Shift-Dir - straight line, f/p - death yak
Aim: a death yak (moderately wounded)
The death yak is moderately wounded.
You feel life coursing into your body. The death yak closely misses you.
It was a potion of experience.
You feel more experienced!
Your base Axes skill gained 3 levels and is now at level 15!
You have reached level 12!
Your experience leads to an increase in your attributes!
Your base attributes are Str 11, Int 17, Dex 16.
Increase (S)trength, (I)ntelligence, or (D)exterity?
You feel agile.
You feel clever. The death yak gores you!!
You die...

#.....#######
#.###.......#
##########.###.......#
#...........###......#
#.........Y.# #.......
#...........# #.......
* ##########.##
##...... *
**############.#
#.###.# ,
.......@Y....# #.. #.#
* ##############
###.###.# , , ,
.....)... * , * * *
###...... , #.###.# *
* * * ** # , #.# ,, ,,
,, , , *#.###.# * * *
, #...... , , * ,
#......


You could see a death yak.

Vanquished Creatures
  An orc warlord (Bailey)
  A two-headed ogre (D:8)
  The ghost of Timinator the Grappler, a novice TrMo (Bailey)
  3 orc knights (Bailey)
  A wyvern (Bailey)
  4 hogs (D:7)
  Eustachio (D:6)
  A human (D:7)
  Duvessa (D:7)
  10 orc warriors
  2 ice beasts
  2 sky beasts (D:5)
  An ogre (D:8)
  2 centaurs
  A big kobold (D:7)
  2 bullfrogs
  4 scorpions
  Dowan (D:7)
  3 killer bees (D:8)
  8 wights (D:8)
  A howler monkey (D:6)
  3 crimson imps
  2 bullfrog zombies (D:7)
  5 orc priests
  2 bullfrog skeletons (D:8)
  2 hounds
  4 worker ants
  Natasha (thrice) (D:3)
  8 orc wizards
  12 gnolls (Bailey)
  11 adders
  A shadow imp (D:8)
  2 oozes (D:3)
  5 worms
  4 leopard geckos
  47 orcs
  10 giant cockroaches
  26 goblins
  17 hobgoblins
  8 jackals
  15 kobolds
  4 quokkas
  6 bats
  3 frilled lizards (D:1)
  A quokka skeleton (D:4)
  6 rats
258 creatures vanquished.

Vanquished Creatures (collateral kills)
  A gnoll (Bailey)
  An adder (D:2)
  A giant cockroach (D:2)
  A goblin (Bailey)
  A hobgoblin (D:2)
  A frilled lizard (D:2)
6 creatures vanquished.

Grand Total: 264 creatures vanquished

Notes
Turn   | Place    | Note
-------+----------+-------------------------------------------
     0 | D:1      | Irenicus the Deep Dwarf Necromancer began the quest for the Orb.
     0 | D:1      | Reached XP level 1. HP: 15/15 MP: 3/3
   176 | D:1      | Reached XP level 2. HP: 20/22 MP: 2/4
   215 | D:1      | Reached skill level 5 in Necromancy
   665 | D:2      | Reached skill level 1 in Axes
   722 | D:2      | Reached XP level 3. HP: 26/28 MP: 2/6
   773 | D:2      | Found a stormy altar of Qazlal.
   803 | D:2      | Reached skill level 2 in Axes
   826 | D:2      | Learned a level 1 spell: Animate Skeleton
   830 | D:2      | Learned a level 3 spell: Vampiric Draining
   886 | D:2      | Reached skill level 3 in Axes
   891 | D:2      | Reached XP level 4. HP: 29/36 MP: 0/7
  1106 | D:2      | Found an ancient bone altar of Kikubaaqudgha.
  1210 | D:3      | Reached skill level 4 in Axes
  1227 | D:3      | Reached XP level 5. HP: 28/42 MP: 0/8
  1247 | D:3      | Reached skill level 5 in Axes
  1411 | D:3      | Noticed Natasha
  1415 | D:3      | Killed Natasha
  1417 | D:3      | Noticed Natasha
  1426 | D:3      | Killed Natasha
  1611 | D:3      | Reached skill level 6 in Axes
  1611 | D:3      | Reached XP level 6. HP: 18/49 MP: 0/9
  1692 | D:3      | Noticed Natasha
  1707 | D:3      | Killed Natasha
  1707 | D:3      | Reached skill level 1 in Fighting
  2049 | D:4      | Noticed Menkaure
  2122 | D:4      | Found a blossoming altar of Fedhas.
  2161 | D:4      | Found a deep blue altar of Sif Muna.
  2168 | D:4      | Found a glowing silver altar of Zin.
  2475 | D:4      | Reached skill level 7 in Axes
  2646 | D:4      | Reached skill level 1 in Armour
  2646 | D:4      | Reached XP level 7. HP: 26/57 MP: 0/10
  2768 | D:5      | Entered Level 5 of the Dungeon
  3175 | D:5      | Noticed Irenicus's ghost (novice DDNe)
  3314 | D:6      | Found a staircase to the Ecumenical Temple.
  3327 | Temple   | Entered the Ecumenical Temple
  3358 | Temple   | Became a worshipper of Makhleb the Destroyer
  3505 | D:6      | Got a fine leather armour
  3516 | D:6      | Identified the +2 leather armour of Inaction {-Tele Dex+2 SInv} (You found it on level 6 of the Dungeon)
  3807 | D:6      | Reached XP level 8. HP: 56/64 MP: 2/11
  3840 | D:6      | Reached skill level 8 in Axes
  3875 | D:6      | Noticed Eustachio
  3906 | D:6      | Killed Eustachio
  4141 | D:6      | Got a warped chain mail
  4152 | D:6      | Identified the +8 chain mail "Nuttet" {rC+} (You found it on level 6 of the Dungeon)
  4231 | D:6      | Reached skill level 9 in Axes
  4444 | D:7      | Reached skill level 5 in Armour
  4635 | D:7      | Noticed Dowan
  4646 | D:7      | Killed Dowan
  4661 | D:7      | Noticed Duvessa
  4681 | D:7      | Killed Duvessa
  4748 | D:7      | Gained mutation: You passively map the area around you. [Deep Dwarf growth]
  4748 | D:7      | Reached XP level 9. HP: 43/75 MP: 2/12
  4809 | D:7      | Reached skill level 5 in Dodging
  4842 | D:7      | Reached * piety under Makhleb
  5214 | D:7      | Found a snail-covered altar of Cheibriados.
  5277 | D:8      | Noticed a two-headed ogre
  5314 | D:8      | Killed a two-headed ogre
  5314 | D:8      | Reached skill level 10 in Axes
  5406 | D:8      | Found a flagged portal.
  5436 | Bailey   | Entered a bailey
  5472 | Bailey   | Noticed Timinator's ghost (novice TrMo)
  5496 | Bailey   | Killed Timinator's ghost
  5496 | Bailey   | Reached skill level 11 in Axes
  5496 | Bailey   | Reached XP level 10. HP: 50/84 MP: 0/13
  5509 | Bailey   | Reached ** piety under Makhleb
  5562 | Bailey   | Noticed an orc knight
  5609 | Bailey   | Killed an orc knight
  5609 | Bailey   | Reached skill level 12 in Axes
  5720 | Bailey   | Reached *** piety under Makhleb
  5798 | Bailey   | Noticed an orc warlord
  5798 | Bailey   | Noticed an orc knight
  5854 | Bailey   | Killed an orc knight
  5952 | Bailey   | Noticed an orc knight
  6012 | Bailey   | Reached skill level 5 in Evocations
  6025 | Bailey   | Got a ripped robe
  6038 | Bailey   | Identified the cursed +0 robe "Wameg" {rF- MR+ Dex+4 SInv} (You took it off an orc in a bailey)
  6099 | Bailey   | Killed an orc warlord
  6103 | Bailey   | Killed an orc knight
  6103 | Bailey   | Reached XP level 11. HP: 57/90 MP: 8/16
  6500 | D:8      | Noticed a death yak
  6501 | D:8      | Noticed a death yak
  6588 | D:8      | Noticed a death yak
  6704 | D:8      | Reached skill level 15 in Axes
  6704 | D:8      | Reached XP level 12. HP: 18/97 MP: 1/17
  6704 | D:8      | Slain by a death yak

Skill      XL: |  1  2  3  4  5  6  7  8  9 10 11 |
---------------+----------------------------------+-----
Necromancy     | 5 6 |  6.0
Spellcasting   | 2 |  2.0
Axes           | 1 3 4 6 7 9 11 12 15 | 15.3
Fighting       | 1 3 |  3.1
Armour         | 1 4 5 |  5.0
Dodging        | 4 8 |  8.2
Evocations     | 9 |  9.2
Stealth        | |  2.4

Action                   |  1- 3 |  4- 6 |  7- 9 | 10-12 || total
-------------------------+-------+-------+-------+-------++-------
Melee: Unarmed           |     2 |       |       |       ||     2
       Hand axe          |    15 |   173 |   388 |   191 ||   767
       War axe           |       |       |       |    97 ||    97
 Cast: Pain              |    49 |    35 |    14 |     4 ||   102
       Animate Skeleton  |     3 |     2 |     4 |    22 ||    31
       Vampiric Draining |     1 |    30 |    64 |    22 ||   117
 Abil: Heal Wounds       |       |       |       |     1 ||     1
Evoke: Wand              |       |       |     2 |    15 ||    17
  Use: Potion            |       |     3 |     9 |     4 ||    16
       Scroll            |       |     1 |     6 |     6 ||    13
 Stab: Sleeping          |     1 |     3 |     2 |     2 ||     8
       Distracted        |       |     1 |       |       ||     1
       Paralysed         |       |       |     2 |    30 ||    32
       Invisible         |       |       |     3 |       ||     3
       Confused          |       |       |       |     1 ||     1
  Eat: Chunk             |     1 |    19 |    17 |     6 ||    43
Armor: Robe              |     5 |     3 |       |       ||     8
       Leather armour    |       |    30 |       |       ||    30
       Ring mail         |       |     3 |    98 |    48 ||   149
       Skin              |       |       |    26 |       ||    26
       Chain mail        |       |       |    24 |       ||    24
Dodge: Dodged            |    13 |   109 |   197 |   145 ||   464
